 Dungeon Crawl Stone Soup version 0.31-a0-441-g867994ef1c (webtiles) character file.

Game seed: 17082834174513631630

1194 Dittersdorf the Covered (level 8, -8/51 HPs)
             Began as a Gargoyle Fighter on Aug 2, 2023.
             Mangled by a two-headed ogre
             ... wielding a +0 giant club
              (13 damage)
             ... on level 5 of the Dungeon.
             The game lasted 00:08:32 (5805 turns).

Dittersdorf the Covered (Gargoyle Fighter)          Turns: 5805, Time: 00:08:33

Health: -8/51      AC: 16    Str: 21    XL:     8   Next: 43%
Magic:  8/8        EV:  8    Int: 10    God:
Gold:   322        SH:  5    Dex:  9    Spells: 7/7 levels left

rFire   . . .        a - +1 flail
rCold   . . .        c - +0 buckler
rNeg    + . .        i - +1 chain mail
rPois   ∞            (no helmet)
rElec   +            (no cloak)
rCorr   .            (no gloves)
SInv    .            (no boots)
Will    .....        (no amulet) Stlth
                     (no ring)
HPRegen 0.28/turn    (no ring)
MPRegen 0.11/turn

%: no passive effects
@: studying Evocations
A: sickness immunity, AC +5, negative energy resistance 1, electricity
resistance, torment resistance 1, petrification resistance
a: no special abilities


You were on level 5 of the Dungeon.
You visited 1 branch of the dungeon, and saw 5 of its levels.
You also visited: Sewer.

You collected 322 gold pieces.

Inventory:

Hand Weapons
 a - a +1 flail (weapon)
Missiles
 p - 4 curare-tipped darts
Armour
 c - a +0 buckler (worn)
 i - a +1 chain mail (worn)
Magical Staves
 l - a staff of earth
Scrolls
 b - a scroll of poison
 m - a scroll of blinking {unknown}
 o - a scroll of noise {unknown}
Potions
 d - 8 potions of might
 e - 2 potions of heal wounds {unknown}
 f - 2 potions of resistance
 g - a potion of mutation
 h - a potion of berserk rage {unknown}
 j - 3 potions of degeneration {unknown}
 k - a potion of curing {unknown}
 n - a potion of magic


   Skills:
 + Level 6.2 Fighting
 + Level 5.2 Maces & Flails
 + Level 6.3 Armour
 + Level 6.3 Shields


You had 7 spell levels left.
You didn't know any spells.
Your spell library contained the following spells:

 Spells                   Type           Power      Damage    Failure   Level
 Magic Dart               Conj           0%         1d3       95%         1
 Summon Small Mammal      Summ           0%         N/A       95%         1
 Searing Ray              Conj           0%         2d4       99%         2
 Call Canine Familiar     Summ           0%         N/A       100%        3
 Summon Guardian Golem    Hex/Summ       0%         N/A       100%        3
 Fulminant Prism          Conj/Hex       0%         3d5       100%        4


Dungeon Overview and Level Annotations

Branches:
Dungeon (5/15)              Sewer (visited)
 Temple: D:4-7

Altars:
Hepliaklqana
Kikubaaqudgha
Trog
Uskayaw

Shops:
D:2 !

Annotations:
D:5 1 runed translucent door, Crazy Yiuf, Dowan, Duvessa


Innate Abilities, Weirdness & Mutations

You are immune to sickness and miasma.
Your stone body is resilient. (AC +5)
You are immune to poison.
You resist negative energy. (rN+)
You are resistant to electric shocks. (rElec)
You are resistant to unholy torment.
You are immune to petrification.


Message History

Dowan is moderately wounded.
Dowan casts a spell.
Dowan blinks!
You hit Dowan.
Dowan is heavily wounded.
Dowan gestures at you while chanting.
The puff of flame hits you but does no damage.
Dowan points at you and mumbles some strange words.
The puff of flame misses you.
The two-headed ogre hits you but does no damage.
The two-headed ogre barely misses you.
You hit Dowan.
Dowan is heavily wounded.
Dowan barely misses you.
You barely miss Dowan.
Dowan is heavily wounded.
The two-headed ogre hits you with a +0 giant club!!
Ouch! That really hurt!
The two-headed ogre hits you with a +0 giant club!
* * * LOW HITPOINT WARNING * * *
You block Dowan's attack.
You are too injured to fight recklessly!
You are too injured to fight recklessly!
You are too injured to fight recklessly!
You are too injured to fight recklessly!
You are too injured to fight recklessly!
You are too injured to fight recklessly!
You are too injured to fight recklessly!
You are too injured to fight recklessly!
You are too injured to fight recklessly!
You are too injured to fight recklessly!
You are too injured to fight recklessly!
You are too injured to fight recklessly!
You are too injured to fight recklessly!
You are too injured to fight recklessly!
You are too injured to fight recklessly!
You are too injured to fight recklessly!
The two-headed ogre attacks as you move away!
The two-headed ogre hits you with a +0 giant club!
You die...

#
#.####.#.......#
# #.#
#.#..._5..# #
..# #.#.......#
# # .##
#.#.......#.#
##.
#.#.......#.#
##. #.# #.####.#
# .. .....!# #
#O.e# # #@# #
#.######.# ##.#
#......[.# ##.#
########.# ##.#
#.# ##.# #.# #.#
######## #.# #.#
§§§≈≈≈≈≈# #.#
#.# §....§.§#
#)#


You could see a two-headed ogre and Dowan.

Vanquished Creatures
  A sky beast (D:5)
  An ice beast (D:5)
  2 ogres
  2 kobold brigands (D:5)
  A scorpion (D:5)
  2 howler monkeys (D:5)
  2 hounds
  An iguana (D:5)
  2 jellies
  Natasha (thrice) (D:4)
  12 adders
  4 gnolls
  4 river rats (Sewer)
  2 ufetubi
  A worm (D:2)
  9 dart slugs
  3 orcs
  11 ball pythons
  9 bats
  An endoplasm (D:1)
  A giant cockroach (D:4)
  5 goblins
  8 hobgoblins
  4 jackals (D:3)
  11 quokkas
  12 frilled lizards
  25 kobolds
  21 rats
160 creatures vanquished.

Vanquished Creatures (others)
  A human (D:3)
  A dart slug (D:3)
  A goblin (D:3)
3 creatures vanquished.

Grand Total: 163 creatures vanquished

Notes
Turn   | Place    | Note
-------+----------+-------------------------------------------
     0 | D:1      | Dittersdorf the Gargoyle Fighter began the quest for the
                  | Orb.
     0 | D:1      | Reached XP level 1. HP: 14/14 MP: 1/1
   104 | D:1      | Reached XP level 2. HP: 13/19 MP: 2/2
   274 | D:1      | Reached XP level 3. HP: 11/23 MP: 3/3
  1184 | D:2      | Reached XP level 4. HP: 27/29 MP: 4/4
  1512 | D:2      | Found a faded altar of an unknown god.
  1549 | D:2      | Found Hezo's Distillery.
  1961 | D:3      | Reached XP level 5. HP: 30/33 MP: 5/5
  2608 | D:3      | Found an ancient bone altar of Kikubaaqudgha.
  2609 | D:3      | Noticed a human
  2612 | D:3      | Killed a human
  2802 | D:4      | Found a glowing drain.
  2811 | Sewer    | Entered a sewer
  3101 | Sewer    | Reached XP level 6. HP: 37/39 MP: 6/6
  3558 | D:3      | Reached skill level 5 in Armour
  3558 | D:3      | Reached skill level 5 in Shields
  3733 | D:4      | Noticed Natasha
  3742 | D:4      | Reached XP level 7. HP: 43/44 MP: 7/7
  3752 | D:4      | Killed Natasha
  3753 | D:4      | Reached skill level 5 in Fighting
  3986 | D:4      | Noticed Natasha
  3998 | D:4      | Killed Natasha
  4241 | D:4      | Noticed Natasha
  4254 | D:4      | Killed Natasha
  4330 | D:5      | Entered Level 5 of the Dungeon
  4364 | D:5      | Identified a scroll of acquirement
  4364 | D:5      | Acquired a manual of Evocations
  4548 | D:5      | Found a hazy altar of Hepliaklqana.
  4659 | D:5      | Found a bloodstained altar of Trog.
  4804 | D:5      | Found a hide-covered altar of Uskayaw.
  4998 | D:5      | Reached XP level 8. HP: 46/51 MP: 8/8
  5272 | D:5      | Noticed a two-headed ogre
  5424 | D:5      | Reached skill level 5 in Maces & Flails
  5636 | D:5      | Found a runed translucent door.
  5637 | D:5      | Noticed Crazy Yiuf
  5794 | D:5      | Noticed Duvessa
  5794 | D:5      | Noticed Dowan
  5805 | D:5      | Mangled by a two-headed ogre

Illustrated notes

Levels and vault maps discovered:
D:1:      amcnicky_arrival_choice, layout_basic, lexackson_kobold_supper
D:2:      layout_basic, shapermc_ecumenical_altar_starsandcircs, serial_shops,
          shop_statue
D:3:      layout_loops_ring, tgw_kikubaaqudgha, lemuel_flame_loot_1
D:4:      layout_rooms, portal_sewer_entry_d, uniq_natasha
D:5:      cheibrodos_thug_alley, layout_loops_ring, lemuel_tele_altar,
          mainiacjoe_overflow_alcove_2, nemelex_dance_club_becter,
          mainiacjoe_overflow_paths, st_stairs_5, kennysheep_generic_room_6,
          uniq_crazy_yiuf_cottage, uniq_duvessa

Skill      XL: |  1  2  3  4  5  6  7  8 |
---------------+-------------------------+-----
Shields        | 4 5 6 |  6.3
Fighting       | 4 5 6 |  6.2
Armour         | 4 5 6 |  6.3
Maces & Flails | 3 4 5 |  5.2

Action                     |  1- 3 |  4- 6 |  7- 9 || total
---------------------------+-------+-------+-------++-------
  Melee: Flail             |   287 |   372 |   201 ||   860
    Use: Scroll            |       |     6 |     4 ||    10
 Armour: Scale mail        |    85 |       |       ||    85
         Chain mail        |    20 |   300 |   178 ||   498
  Dodge: Dodged            |    76 |   162 |    94 ||   332
  Block: Buckler           |    36 |   112 |    48 ||   196

Table legend: (Time is in decaauts)
 A = Elapsed time spent in this place.
 B = Non-inter-level travel time spent in this place.
 C = Inter-level travel time spent in this place.
 D = Time resting spent in this place.
 E = Time spent auto-exploring this place.
 F = Levels seen in this place.
 G = Mean time per level.
                   A        B        C        D        E       F      G
               +--------+--------+--------+--------+--------+-----+--------+
         Total |   6120 |   5918 |    202 |    468 |   3668 |   6 | 1020.0 |
       Dungeon |   5579 |   5377 |    202 |    468 |   3403 |   5 | 1115.8 |
         Sewer |    540 |    540 |      0 |      0 |    264 |   1 |  540.0 |
               +--------+--------+--------+--------+--------+-----+--------+

Top non-repeatable levels by time:
     D:5: 1440 daAuts
     D:1: 1207 daAuts
     D:4: 1122 daAuts
     D:3: 938 daAuts
     D:2: 870 daAuts
   Sewer: 540 daAuts
